 Dungeon Crawl Stone Soup version 0.24-a0-586-g8e0e932 (console) character file.

Game seed: 8763620597819936683, levelgen mode: deterministic

23 vegansnacktivist the Insei (level 2, 0/23 HPs)
             Began as a Vampire Transmuter on Sept 8, 2019.
             Slain by an adder (1 damage)
             ... on level 2 of the Dungeon.
             The game lasted 00:02:58 (880 turns).

vegansnacktivist the Insei (Vampire Transmuter)      Turns: 880, Time: 00:02:59

Health: 0/23       AC:  2    Str:  9    XL:     2   Next: 75%
Magic:  4/5        EV: 12    Int: 15    God:
Gold:   32         SH:  0    Dex: 14    Spells: 4/5 levels left

rFire    . . .     SeeInvis +     - Unarmed
rCold    . . .     Gourm    .   (no shield)
rNeg     . . .     Faith    .   b - +0 robe
rPois    .         Spirit   .   (no helmet)
rElec    .         Reflect  .   (no cloak)
rCorr    .         Harm     .   (no gloves)
MR       .....                  (no boots)
Stlth    +.........             (no amulet)
HPRegen  0.27/turn              (no ring)
MPRegen  0.09/turn              (no ring)

@: appendage (expiring), regenerating quickly
A: no food, fangs 3, horns 2, see invisible, unbreathing
a: Exsanguinate, End Transformation


You were on level 2 of the Dungeon.
You were alive.
You had grown temporary horns.
You visited 1 branch of the dungeon, and saw 2 of its levels.

You collected 32 gold pieces.

Inventory:

Missiles
 a - 41 arrows
 i - 6 poisoned darts (quivered)
Armour
 b - a +0 robe (worn)
Scrolls
 d - a scroll of fog {unknown}
 e - a scroll of immolation {unknown}
 g - a scroll of random uselessness {unknown}
 h - a scroll of teleportation {unknown}
 j - 2 scrolls of remove curse {unknown}
Potions
 c - a potion of lignification {unknown}
 f - a potion of berserk rage {unknown}


   Skills:
 + Level 2.5 Fighting
 - Level 2.1 Dodging
 - Level 3.2 Unarmed Combat
 - Level 2.0 Spellcasting
 - Level 2.1 Transmutations


You had 4 spell levels left.
You knew the following spells:

 Your Spells              Type           Power        Failure   Level  Hunger
a - Beastly Appendage     Tmut           #.....       9%          1    N/A

Your spell library contained the following spells:

 Spells                   Type           Power        Failure   Level  Hunger
 Sticks to Snakes         Tmut           #.......     14%         2    N/A
 Spider Form              Tmut/Pois      #.........   38%         3    N/A
 Ice Form                 Ice/Tmut       #.......     80%         4    N/A
 Blade Hands              Tmut           #.........   94%         5    N/A

Dungeon Overview and Level Annotations

Branches:
Dungeon (2/15)

Altars:


Innate Abilities, Weirdness & Mutations

You do not eat.
Your natural rate of healing is unusually fast.
You have razor-sharp teeth.
You have supernaturally acute eyesight. (SInv)
You can survive without breathing.
You have a pair of horns on your head.


Message History

The adder bites you but does no damage. The kobold misses you.
The kobold barely misses you.
You miss the adder.
The adder is lightly wounded.
The adder barely misses you.
The kobold hits you with a +0 short sword.
The kobold closely misses you. The adder bites you.
You hit the adder. Your bite misses the adder.
The adder is moderately wounded.
The kobold hits you with a +0 short sword.
* * * LOW HITPOINT WARNING * * *
The kobold closely misses you. The adder bites you.
* * * LOW HITPOINT WARNING * * *
The adder bites you.
* * * LOW HITPOINT WARNING * * *
The kobold hits you but does no damage.
You see here a stone.
Your transformation is almost over.
The adder bites you.
You die...

................# .#
...........###### +#+#+
...>.[...... #........
.....##+####### #........
.....'........# #........
.....#........####........
######....).....(.........
#.........!..........
######.....@S........
..........K........
........####(K..?...
.........# #........
.........# #........
.......... ......(..
..................... ....
..........# ...........#


You could see an adder and 2 kobolds.

Vanquished Creatures
  A leopard gecko (D:1)
  A giant cockroach (D:1)
  2 goblins (D:1)
  4 hobgoblins (D:1)
  2 bats
  5 frilled lizards
  6 kobolds (D:1)
  4 rats (D:1)
25 creatures vanquished.

Notes
Turn   | Place    | Note
-------+----------+-------------------------------------------
     0 | D:1      | vegansnacktivist the Vampire Transmuter began the quest for
                  | the Orb.
     0 | D:1      | Reached XP level 1. HP: 14/14 MP: 3/3
    38 | D:1      | Reached skill level 1 in Fighting
   241 | D:1      | Reached XP level 2. HP: 22/22 MP: 5/5
   878 | D:2      | HP: 1/23 [adder (3)]
   880 | D:2      | Slain by an adder

Levels and vault maps discovered:
D:1:      minmay_arrival_doors, layout_loops_corners
D:2:      layout_basic, yredelemnul_altar_generic,
          nicolae_overflow_hidden_temple

Skill      XL: |  1 |
---------------+----+-----
Fighting       | 2 |  2.5
Dodging        | |  2.1
Unarmed Combat | |  3.2
Spellcasting   | |  2.0
Transmutations | |  2.1

Action                   || total
-------------------------++-------
Melee: Unarmed           ||    86
       Bite              ||     4
       Punch             ||     1
 Cast: Beastly Appendage ||     3
 Stab: Sleeping          ||     4
Armor: Robe              ||     8
Dodge: Dodged            ||    70

Table legend:
 A = Non-vault XP
 B = Vault XP
 C = Vault XP percentage of total XP
 D = Non-vault monster count
 E = Vault monster count
 F = Vault count percentage of total count
                 A         B        C        D         E       F
            +---------+---------+-------+---------+---------+-------
      Total |      34 |       0 |   0.0 |      25 |       0 |   0.0
            +---------+---------+-------+---------+---------+-------
        D:1 |      32 |       0 |   0.0 |      23 |       0 |   0.0
        D:2 |       2 |       0 |   0.0 |       2 |       0 |   0.0
            +---------+---------+-------+---------+---------+-------
